AoeStats
← Tinchi88

MegaRandom

509917477Analyzed
4v4 RM · 3d ago on Sep 28, 2026· 54m 58s· 8 players
Game mode
Random Map
Map size
Large (8 player)
Population
200
Speed
Normal
Resources
Standard
Victory
Conquest
Starting age
Dark Age
Ending age
Imperial Age
RankedLock teamsTeams togetherTeam positionsShared explorationLock speedFull tech treeHidden civsTurbo modeCheats
Victory
Defeat
🇫🇷 Maya · France
1231
+14
🇳🇱 Vietnamese · Netherlands
1212
+15
🇹🇷 Tatars · Türkiye
1193
+16
🇳🇱 Japanese · Netherlands
1160
+18
🇩🇪 Mongols · Germany
1207
-16
🇦🇪 Hindustanis · United Arab Emirates
1194
-16
🇩🇪 Huns · Germany
1190
-16
🇦🇪 Wei · United Arab Emirates
1176
-15
yenese
0:29 Loom
10:13 Feudal Age
14:13 Castle Age
12:34 Double-Bit Axe
14:30 Fletching
15:21 Horse Collar
21:03 Bodkin Arrow
23:27 Ballistics
23:25 Padded Archer Armor
23:28 Husbandry
23:38 Bloodlines
26:38 Leather Archer Armor
27:15 Bow Saw
28:11 Wheelbarrow
32:56 Imperial Age
30:46 Hand Cart
30:16 Town Watch
30:42 Scale Barding Armor
33:39 Heavy Cavalry Archer
35:22 Bracer
37:23 Chain Barding Armor
39:31 Chemistry
38:37 Siege Engineers
41:26 Plate Barding Armor
41:21 Ring Archer Armor
41:04 Forging
40:19 Elite Skirmisher
41:32 Heavy Plow
43:05 Conscription
44:24 Light Cavalry
45:26 Silk Armor
47:49 Timurid Siegecraft
54:51 Hussar
MIB Asterix
0:39 Loom
10:07 Feudal Age
11:22 Double-Bit Axe
12:56 Horse Collar
15:58 Castle Age
17:19 Wheelbarrow
16:57 Bow Saw
18:26 Fletching
20:33 Hand Cart
21:59 Stone Mining
24:03 Ballistics
24:26 Padded Archer Armor
26:45 Bodkin Arrow
32:34 Imperial Age
30:07 Guard Tower
30:02 Man-at-Arms
30:28 Gambesons
31:01 Squires
30:47 Arson
31:43 Yasama
32:04 Murder Holes
31:50 Treadmill Crane
31:46 Long Swordsman
33:40 Conscription
32:50 Two-Handed Swordsman
33:51 Town Watch
34:20 Scale Mail Armor
34:42 Bracer
35:52 Hoardings
36:18 Chain Mail Armor
36:53 Leather Archer Armor
38:49 Chemistry
38:22 Plate Mail Armor
38:29 Gold Mining
38:51 Forging
40:14 Champion
42:14 Gold Shaft Mining
42:36 Kataparuto
42:48 Masonry
43:16 Iron Casting
44:14 Elite Skirmisher
44:59 Thumb Ring
45:27 Ring Archer Armor
44:53 Imperial Skirmisher
47:24 Blast Furnace
48:21 Pikeman
49:09 Halberdier
55:27 Siege Engineers
Knaapje
8:07 Feudal Age
13:38 Loom
16:51 Castle Age
19:48 Double-Bit Axe
27:08 Crossbowman
30:45 Thumb Ring
32:36 Bow Saw
35:22 Elite Skirmisher
36:30 Gold Mining
43:45 Imperial Age
41:18 Fletching
42:02 Ballistics
43:55 Wheelbarrow
43:51 Padded Archer Armor
43:52 Imperial Skirmisher
45:55 Bodkin Arrow
46:15 Leather Archer Armor
48:47 Hand Cart
48:42 Bracer
49:12 Ring Archer Armor
49:00 Heavy Cavalry Archer
Aei
0:33 Loom
8:28 Feudal Age
9:53 Double-Bit Axe
12:36 Fletching
15:39 Padded Archer Armor
20:05 Castle Age
18:37 Gold Mining
18:53 Horse Collar
21:06 Bodkin Arrow
20:33 Crossbowman
21:59 Bow Saw
23:23 Leather Archer Armor
31:57 Imperial Age
30:36 Wheelbarrow
31:33 Hand Cart
31:03 Town Watch
31:20 Stone Mining
32:43 Ballistics
33:06 Bracer
35:59 Ring Archer Armor
37:17 Chemistry
36:57 Arbalester
37:43 Thumb Ring
40:12 Two-Man Saw
39:04 Pikeman
39:46 Scale Mail Armor
39:59 Heavy Plow
39:52 Halberdier
40:32 Squires
40:49 Chain Mail Armor
40:45 Forging
42:02 Plate Mail Armor
42:39 Forging
43:50 Treadmill Crane
45:22 Iron Casting
45:26 Conscription
50:03 Blast Furnace
53:23 Town Patrol
54:40 Arson
Argentum
4:41 Loom
4:46 Loom
9:18 Feudal Age
14:47 Double-Bit Axe
18:08 Castle Age
16:19 Fletching
19:31 Town Watch
24:43 Ballistics
27:27 Bodkin Arrow
32:49 Imperial Age
32:02 Masonry
32:13 Murder Holes
33:35 Gold Mining
34:58 Chemistry
34:40 Bracer
36:59 Bloodlines
37:47 Husbandry
38:51 Scale Barding Armor
38:57 Forging
38:39 Light Cavalry
39:36 Horse Collar
40:01 Hussar
42:39 Conscription
43:25 Wheelbarrow
44:22 Chain Barding Armor
44:38 Iron Casting
46:59 Hand Cart
48:05 Plate Barding Armor
50:13 Bow Saw
51:56 Blast Furnace
ParaBellum
0:41 Loom
8:40 Feudal Age
12:55 Forging
18:39 Double-Bit Axe
18:44 Horse Collar
23:25 Castle Age
22:27 Padded Archer Armor
22:54 Fletching
23:39 Elite Skirmisher
28:20 Leather Archer Armor
29:25 Town Watch
31:07 Heavy Plow
31:56 Wheelbarrow
32:38 Ballistics
33:18 Bodkin Arrow
38:59 Bow Saw
43:46 Imperial Age
42:57 Husbandry
43:24 Scale Barding Armor
43:54 Iron Casting
45:07 Hand Cart
45:27 Conscription
44:52 Heavy Camel Rider
45:42 Bloodlines
45:35 Scale Mail Armor
45:55 Chain Barding Armor
46:38 Blast Furnace
47:10 Gold Mining
46:54 Imperial Camel Rider
49:40 Gold Shaft Mining
55:53 Plate Barding Armor
Tinchi88
0:33 Loom
9:00 Feudal Age
9:26 Double-Bit Axe
10:47 Horse Collar
14:58 Forging
16:30 Scale Barding Armor
18:07 Wheelbarrow
19:44 Town Watch
20:45 Bloodlines
23:45 Castle Age
22:37 Gold Mining
23:13 Fletching
23:43 Stone Mining
24:36 Bow Saw
28:24 Husbandry
29:01 Heavy Plow
31:09 Hand Cart
31:44 Stone Shaft Mining
31:46 Gold Shaft Mining
33:12 Bodkin Arrow
34:05 Town Patrol
36:07 Chain Barding Armor
40:54 Ballistics
43:51 Imperial Age
42:25 Iron Casting
41:38 Light Cavalry
42:24 Padded Archer Armor
44:16 Tuntian
43:58 Elite Tiger Cavalry
44:24 Hussar
46:07 Blast Furnace
47:17 Conscription
51:59 Treadmill Crane
Showtime
0:35 Loom
8:37 Feudal Age
8:41 Feudal Age
15:19 Castle Age
13:14 Stone Mining
15:26 Double-Bit Axe
16:50 Fletching
21:06 Horse Collar
23:22 Town Watch
26:14 Wheelbarrow
25:39 Elite Skirmisher
26:37 Padded Archer Armor
27:58 Bow Saw
27:58 Bodkin Arrow
30:36 Heavy Plow
32:16 Ballistics
34:12 Gold Mining
35:04 Thumb Ring
39:11 Hand Cart
39:05 Padded Archer Armor
39:39 Masonry
42:15 Imperial Age
40:51 Leather Archer Armor
41:52 Bloodlines
41:43 Husbandry
42:31 Elite Mangudai
44:07 Parthian Tactics
44:06 Conscription
43:45 Light Cavalry
46:42 Scale Barding Armor
50:40 Chain Barding Armor
Connection lost

Rejoining the realm…

Still unreachable

The connection could not be restored.

Session expired

The server has moved on; the page needs a fresh start.